 Dungeon Crawl Stone Soup version 0.22.1-5-g62c59d919a (webtiles) character file.

2186 Gargoyl the Skirmisher (level 9, 0/75 HPs)
             Began as a Centaur Abyssal Knight on Jan 9, 2019.
             Was an Elder of Lugonu.
             Slain by an orc warrior
             ... wielding a +2 mace of protection
              (11 damage)
             ... on level 6 of the Dungeon.
             The game lasted 00:11:34 (7120 turns).

Gargoyl the Skirmisher (Centaur Abyssal Knight)     Turns: 7120, Time: 00:11:35

Health: 0/75       AC: 11    Str: 17      XL:     9   Next: 11%
Magic:  12/12      EV:  9    Int: 11      God:    Lugonu [****..]
Gold:   342        SH:  0    Dex: 13 (14) Spells: 8/8 levels left

rFire    . . .     SeeInvis .   v - +2 hand axe (vamp)
rCold    . . .     Gourm    .   (no shield)
rNeg     . . .     Faith    .   i - +0 scale mail
rPois    .         Spirit   .   l - +1 helmet
rElec    .         Reflect  .   (no cloak)
rCorr    .         Harm     .   u - +0 pair of gloves (curse)
MR       .....                  (no barding)
Stlth    ..........             (no amulet)
HPRegen  0.22/turn              o - +4 ring of dexterity
MPRegen  0.13/turn              (no ring)

@: lethally poisoned (0 -> 0), very quick
A: large, hooves 3, deformed body, speed 2, tough skin 3
a: Depart the Abyss, Bend Space, Banish, Corrupt, Renounce Religion


You were on level 6 of the Dungeon.
You worshipped Lugonu.
Lugonu was greatly pleased with you.
You were not hungry.

You visited 1 branch of the dungeon, and saw 7 of its levels.
You visited the Abyss 1 time.
You also visited: Sewer.

You collected 342 gold pieces.

Inventory:

Hand Weapons
 a - a +2 hand axe
 f - a +4 trident
 v - a +2 vampiric hand axe (weapon)
Missiles
 j - 6 javelins (quivered)
Armour
 i - a +0 scale mail (worn)
 l - a +1 helmet (worn)
 u - a cursed +0 pair of gloves (worn)
Jewellery
 o - a +4 ring of dexterity (left hand)
Wands
 b - a wand of random effects (12)
 d - a wand of flame (116)
 k - a wand of iceblast (9)
 q - a wand of acid (8)
 t - a wand of disintegration (17)
Scrolls
 g - 3 scrolls of remove curse
 h - 3 scrolls of blinking
 n - a scroll of identify
 s - 2 scrolls of teleportation
Potions
 e - a potion of mutation {unknown}
 m - a potion of flight {unknown}
 p - 3 potions of degeneration {unknown}
 r - a potion of might
Comestibles
 c - 3 rations


   Skills:
 + Level 5.9 Fighting
 + Level 5.2 Axes
 * Level 5.6 Armour
 * Level 3.0 Dodging
 * Level 5.3 Invocations
 + Level 0.4 Evocations


You had 8 spell levels left.
You didn't know any spells.
Your spell library contained the following spells:

 Spells                   Type           Power        Failure   Level  Hunger
 Confusing Touch          Hex            #.....       73%         1    ##.....
 Infusion                 Chrm           #...         73%         1    ##.....
 Shroud of Golubria       Chrm/Tloc      #.........   86%         2    ###....
 Song of Slaying          Chrm           #.......     86%         2    ###....
 Confuse                  Hex            #.......     97%         3    ####...
 Gell's Gravitas          Tloc           #.........   97%         3    ####...
 Regeneration             Chrm/Necr      #.........   97%         3    ####...
 Spectral Weapon          Hex/Chrm       #.......     97%         3    ####...
 Petrify                  Tmut/Erth      #.......     100%        4    #####..
 Metabolic Englaciation   Hex/Ice        #.........   100%        5    ######.
 Yara's Violent Unravell  Hex/Tmut       #.........   100%        5    ######.


Dungeon Overview and Level Annotations

Branches:
Dungeon (7/15)             Temple (0/1) D:5

Altars:
Qazlal


Innate Abilities, Weirdness & Mutations

You have hooves in place of feet.
Armour fits poorly on your strangely shaped body.
You cover ground very quickly.
You have extremely tough skin. (AC +3)


Message History

The orc warrior is heavily wounded.
You feel sick.
You slash the orc warrior! Your kick misses the orc warrior.
The orc warrior is almost dead.
The orc warrior hits you but does no damage.
You barely miss the orc warrior.
The orc warrior is almost dead.
The orc warrior closely misses you.
You hit the orc warrior but do no damage.
The orc warrior is almost dead.
The orc warrior barely misses you.
You hit the orc warrior.
The orc warrior is almost dead.
You feel sick.
The orc warrior hits you with a mace of protection!
* * * LOW HITPOINT WARNING * * *
You hit the orc warrior but do no damage.
The orc warrior is almost dead.
The orc warrior hits you with a mace of protection!
You die...

............#
........>...#
........†...##
.............#
........##..##
#..#########.[#
...# #..## #
...# #...###.#
...# ####...#@o#
...# #.........#
.... #......####
# ........# # ..
........# +..#
........#
#..##......#####
..>##......#
...........#


You could see an orc warrior.

Vanquished Creatures
  Pikel (D:4)
  A ynoxinul (Abyss:3)
  Eustachio (D:3)
  A phantom (D:4)
  An ogre (D:6)
  A centaur (D:5)
  A bullfrog (D:5)
  2 scorpions
  A howler monkey (D:4)
  A quasit (D:6)
  2 hounds (D:4)
  4 orc priests (D:4)
  A gnoll shaman (D:4)
  A bullfrog skeleton (D:4)
  A bullfrog zombie (D:5)
  Ijyb (D:5)
  An iguana (D:6)
  3 orc wizards
  Natasha (thrice) (D:3)
  2 worker ants (D:4)
  2 hound zombies (D:5)
  A hound skeleton (D:5)
  A worker ant zombie (D:5)
  Robin (D:2)
  8 gnolls
  A howler monkey skeleton (D:2)
  6 adders
  3 river rats (Sewer)
  2 shadow imps (D:6)
  An ooze (D:3)
  An adder skeleton (D:3)
  5 worms
  3 dart slugs
  4 leopard geckos
  18 orcs
  2 giant cockroaches
  15 goblins
  15 hobgoblins
  6 jackals (D:1)
  A quokka (D:3)
  3 ball pythons
  5 bats
  13 frilled lizards
  A goblin zombie (D:4)
  12 kobolds
  15 rats
175 creatures vanquished.

Vanquished Creatures (others)
  Edmund (D:4)
  A slave (D:4)
  A bullfrog skeleton (D:4)
3 creatures vanquished.

Grand Total: 178 creatures vanquished

Notes
Turn   | Place    | Note
-------+----------+-------------------------------------------
     0 | Abyss:1  | Gargoyl the Centaur Abyssal Knight began the quest for the
                  | Orb.
     0 | Abyss:1  | Reached XP level 1. HP: 19/19 MP: 2/2
    13 | Abyss:2  | Found a corrupted altar of Lugonu.
   184 | Abyss:3  | Noticed a ynoxinul
   221 | Abyss:3  | Killed a ynoxinul
   221 | Abyss:3  | Reached XP level 2. HP: 28/28 MP: 4/4
   221 | Abyss:3  | Noticed a hell hog
   222 | Abyss:3  | Reached XP level 3. HP: 34/34 MP: 5/5
   222 | Abyss:3  | Reached XP level 4. HP: 41/41 MP: 6/6
   222 | Abyss:3  | Reached XP level 5. HP: 47/47 MP: 7/7
   223 | D:1      | Escaped the Abyss
  1018 | D:2      | Noticed Robin
  1020 | D:2      | Reached ** piety under Lugonu
  1162 | D:2      | Killed Robin
  1422 | D:2      | Reached skill level 1 in Dodging
  1472 | D:2      | Found a stormy altar of Qazlal.
  1472 | D:2      | Noticed a fire elemental
  1474 | D:2      | Noticed a water elemental
  1474 | D:2      | Noticed an air elemental
  1544 | D:2      | You fall through a shaft!
  1544 | D:3      | Noticed Natasha
  1557 | D:3      | Killed Natasha
  1647 | D:3      | Reached XP level 6. HP: 51/55 MP: 8/8
  1783 | D:3      | Noticed Natasha
  1790 | D:3      | Killed Natasha
  1790 | D:3      | Reached skill level 5 in Fighting
  1925 | D:3      | Reached *** piety under Lugonu
  1953 | D:3      | Found a glowing drain.
  1981 | Sewer    | Entered a sewer
  2912 | D:3      | Noticed Natasha
  2926 | D:3      | Killed Natasha
  3028 | D:4      | Reached XP level 7. HP: 59/61 MP: 9/9
  3452 | D:5      | Entered Level 5 of the Dungeon
  3591 | D:4      | Reached **** piety under Lugonu
  4297 | D:4      | Noticed Eustachio
  4637 | D:3      | Killed Eustachio
  4637 | D:3      | Reached XP level 8. HP: 18/69 MP: 11/11
  4930 | D:4      | Noticed Edmund
  4936 | D:4      | Noticed Pikel
  5167 | D:4      | Killed Pikel
  5188 | D:4      | Killed Edmund
  5495 | D:4      | Reached skill level 5 in Armour
  5871 | D:5      | Found a staircase to the Ecumenical Temple.
  5889 | D:5      | Noticed Ijyb
  5901 | D:5      | Reached skill level 5 in Invocations
  5917 | D:5      | Killed Ijyb
  6021 | D:5      | Reached skill level 5 in Axes
  6139 | D:5      | Reached XP level 9. HP: 63/75 MP: 12/12
  6931 | D:6      | You fall through a shaft!
  7120 | D:6      | Slain by an orc warrior

Skill      XL: |  1  2  3  4  5  6  7  8  9 |
---------------+----------------------------+-----
Fighting       | 4 5 |  5.9
Axes           | 2 3 4 5 |  5.2
Armour         | 2 3 4 5 |  5.6
Invocations    | 3 4 5 |  5.3
Dodging        | 1 2 3 |  3.0
Evocations     | |  0.4

Action                   |  1- 3 |  4- 6 |  7- 9 || total
-------------------------+-------+-------+-------++-------
Melee: Hand axe          |       |   300 |   339 ||   639
       Kick              |       |    69 |   104 ||   173
Evoke: Wand              |     5 |       |       ||     5
  Use: Scroll            |     3 |     9 |     1 ||    13
       Potion            |       |       |     4 ||     4
  Eat: Chunk             |       |     6 |     5 ||    11
       Ration            |       |       |     4 ||     4
Armor: Scale mail        |       |   137 |   235 ||   372
       Leather armour    |       |    28 |       ||    28
Dodge: Dodged            |       |   104 |   212 ||   316
